New York Rangers vs Dallas Stars

Created - mardi 5 mars 2019 at 19:00

Goals
1 2 3 OT1 SO T
New York Rangers 0 0 2 0 0 2
Dallas Stars 1 1 0 0 1 3
Shots
1 2 3 OT1 SO T
New York Rangers 3 9 20 0 3 32
Dallas Stars 6 18 14 5 2 43

1st period

1. Dallas Stars , Mark Scheifele 27 (Kyle Connor 17) at 11:38

Penalties :
Jujhar Khaira (NYR) for Holding (Minor) at 1:36, Jujhar Khaira (NYR) for Slashing (Minor) at 12:55, Nino Niederreiter (DAL) for Hooking (Minor) at 19:45

2nd period

2. Dallas Stars , Ryan Ellis 5 (Tom Wilson 10, Pierre-Edouard Bellemare 6) at 0:06 (SH)

Penalties :
Jujhar Khaira (NYR) for Tripping (Minor) at 10:38, Nick Foligno (NYR) for Hooking (Minor) at 17:35

3rd period

3. New York Rangers , Matt Martin 11 (Steven Fogarty 1, Alexander Petrovic 6) at 8:41
4. New York Rangers , Boo Nieves 2 (Nick Foligno 17) at 12:21

Penalties :
Jujhar Khaira (NYR) for Tripping (Minor) at 1:20, Nino Niederreiter (DAL) for Roughing (Minor) at 6:32, Markus Hannikainen (NYR) for Cross-checking (Minor) at 17:16

Overtime #1

No Goal

Penalties :
Nick Foligno (NYR) for Hooking (Minor) at 0:13

Shootout

New York Rangers, Mats Zuccarello - Shot Misses the Net
Dallas Stars, Mark Scheifele - Shot Misses the Net
New York Rangers, Martin Necas - Stopped by Jake Allen
Dallas Stars, Matthew Tkachuk - Goal!
New York Rangers, Nick Foligno - Stopped by Jake Allen

Penalties :
No Penalty

Goalie Stats

Ryan Miller (NYR), 41 saves from 43 shots - (0.953), OTL, 25-17-7, 65:00 minutes
Jake Allen (DAL), 30 saves from 32 shots - (0.938), W, 26-21-7, 65:00 minutes

Players Stats for New York Rangers

Player Name              G  A  P  +/- PIM S  H  SB GA TA FO     MP     PP MP  PK MP  
------------------------------------------------------------------------------------
Adam Larsson             0  0  0   0  0   3  3  0  0  0  0/0    26:44   2:29   7:15 
Alexander Petrovic       0  1  1   1  0   1  0  0  1  0  0/0    15:25   0:00   0:55 
Alexandre Burrows        0  0  0   0  0   2  1  0  1  0  0/0    12:31   1:30   1:28 
Boo Nieves               1  0  1   1  0   1  1  1  0  0  4/9    10:59   0:17   0:21 
Brady Skjei              0  0  0   0  0   1  0  2  0  3  0/0    26:16   2:29   7:15 
Brandon Dubinsky         0  0  0   0  0   2  0  0  1  0  7/13   17:05   1:33   6:20 
Cody Franson             0  0  0   0  0   2  1  2  0  1  0/0    13:57   0:00   0:20 
David Schlemko           0  0  0  -1  0   0  2  3  0  0  0/0    21:59   1:29   6:18 
Josh Leivo               0  0  0   1  0   2  1  0  0  1  0/0    15:42   0:00   5:39 
Jujhar Khaira            0  0  0  -1  8   6  2  2  2  0  13/26  17:33   2:08   0:37 
Markus Hannikainen       0  0  0   0  2   2  2  0  0  1  0/1    12:24   0:00   0:00 
Martin Necas             0  0  0   0  0   0  0  0  1  0  0/1    13:15   0:00   0:00 
Mats Zuccarello          0  0  0  -1  0   2  1  0  0  1  2/9    18:46   2:28   6:35 
Matt Martin              1  0  1   0  0   2  0  0  1  0  0/0    12:10   0:00   0:14 
Neal Pionk               0  0  0   0  0   1  0  1  1  1  0/0    22:46   1:29   5:43 
Nick Foligno             0  1  1   0  4   4  2  1  2  0  1/2    18:14   2:28   4:33 
Oliver Bjorkstrand       0  0  0   0  0   1  0  0  0  0  0/1    15:25   1:30   0:00 
Steven Fogarty           0  1  1   0  0   0  0  0  0  0  5/13   11:56   0:00   0:00 

Players Stats for Dallas Stars

Player Name              G  A  P  +/- PIM S  H  SB GA TA FO     MP     PP MP  PK MP  
------------------------------------------------------------------------------------
Carl Soderberg           0  0  0  -2  0   1  1  0  0  0  6/14   18:58   5:24   0:23 
Colton Parayko           0  0  0   1  0   0  1  2  0  1  0/0    24:33   2:29   2:25 
Devin Shore              0  0  0  -1  0   1  2  0  1  0  0/0    10:34   1:07   0:23 
James Neal               0  0  0  -1  0   4  5  0  1  1  0/0    18:03   5:24   0:00 
John Klingberg           0  0  0   0  0   0  0  2  0  0  0/0    12:35   3:38   0:00 
Kyle Connor              0  1  1   1  0   3  0  0  0  1  2/3    19:28   5:23   0:00 
Loui Eriksson            0  0  0   0  0   2  1  0  1  0  0/0    12:53   1:02   1:37 
Mark Scheifele           1  0  1   1  0   9  3  2  1  0  17/29  22:04   5:53   0:00 
Matthew Tkachuk          0  0  0   0  0   5  2  1  0  0  0/0    16:22   5:24   0:00 
Nino Niederreiter        0  0  0   0  4   6  3  0  1  0  0/0    14:22   0:15   0:00 
Oscar Klefbom            0  0  0   0  0   0  0  1  0  1  0/0    20:03   0:00   1:33 
Pierre-Edouard Bellemare 0  1  1   1  0   0  1  0  0  2  10/19  12:21   0:00   1:58 
Riley Sheahan            0  0  0   0  0   0  0  0  0  1  5/7     9:29   0:00   1:37 
Ryan Ellis               1  0  1   1  0   3  0  2  1  1  0/0    25:50   6:07   2:25 
Stephen Johns            0  0  0  -1  0   1  5  0  0  1  0/0    20:31   5:47   0:00 
Tom Wilson               0  1  1   1  0   1  2  0  0  1  1/1    12:21   0:00   1:58 
Trevor Daley             0  0  0  -1  0   1  1  2  0  0  0/0    23:59   5:47   1:33 
Viktor Arvidsson         0  0  0  -1  0   6  3  0  2  0  2/2    19:05   5:50   0:00 

3 Stars

1 - Ryan Miller (NYR)
2 - Mark Scheifele (DAL)
3 - Ryan Ellis (DAL)

Power Play

New York Rangers - 0 on 2 Attempt(s) - 0.00%
Dallas Stars - 0 on 7 Attempt(s) - 0.00%

Penalty Kill

New York Rangers - 7 on 7 Attempt(s) - 100.00% - Score 0 goal in Penalty Kill
Dallas Stars - 2 on 2 Attempt(s) - 100.00% - Score 1 goal in Penalty Kill

Team Stat

New York Rangers - Hits : 16 - Faceoff Wins : 32 - Blocked Shots : 12 - Penalty Minutes : 14
Dallas Stars - Hits : 30 - Faceoff Wins : 43 - Blocked Shots : 12 - Penalty Minutes : 4

Official

Referees : Brad Watson and Kevin Pollock
Linesman : Devin Berg and Andrew Smith

Game Notes

13:08 of 2nd period - Dallas Stars goal is going for a video replay. After video review, No Goal. The net was displaced accidentally.
John Klingberg is injured at 19:46 of 2nd period (Bruised Left Shoulder)

Finance

Level 1 -- Attendance: 9196 (84.37%) -- Ticket Income fr. 726'484
Level 2 -- Attendance: 1951 (86.71%) -- Ticket Income fr. 124'864
Level 3 -- Attendance: 3260 (85.79%) -- Ticket Income fr. 104'320
Level 4 -- Attendance: 1500 (100.00%) -- Ticket Income fr. 28'500
Luxury Box -- Attendance: 38 (76.00%) -- Ticket Income fr. 7'790
Game was played at the American Airlines Center.
Total Attendance: 15945 (86.19%)
Total Ticket Income: fr. 991'958
Total Income: fr. 991'958

New York Rangers

5 vs 5 Forward 
   Center                   Left Wing                Right Wing               Time % Phy DF OF 
 1 Jujhar Khaira            Oliver Bjorkstrand       Martin Necas             30     1   1  3  
 2 Boo Nieves               Nick Foligno             Josh Leivo               25     1   1  3  
 3 Steven Fogarty           Matt Martin              Markus Hannikainen       25     2   2  1  
 4 Brandon Dubinsky         Alexandre Burrows        Mats Zuccarello          20     2   2  1  

5 vs 5 Defense 
   Defense                  Defense                                           Time % Phy DF OF 
 1 Adam Larsson             Brady Skjei                                       36     1   2  2  
 2 Neal Pionk               Alexander Petrovic                                34     1   2  2  
 3 David Schlemko           Cody Franson                                      30     1   2  2  
 4 Adam Larsson             Brady Skjei                                       0      1   2  2  

PowerPlay Forward 
   Center                   Left Wing                Right Wing               Time % Phy DF OF 
 1 Jujhar Khaira            Nick Foligno             Mats Zuccarello          60     0   1  4  
 2 Brandon Dubinsky         Oliver Bjorkstrand       Alexandre Burrows        40     1   1  3  

PowerPlay Defense
   Defense                  Defense                                           Time % Phy DF OF 
 1 Adam Larsson             Brady Skjei                                       60     1   1  3  
 2 Neal Pionk               David Schlemko                                    40     1   1  3  

Penalty Kill 4 Players Forward 
   Center                   Wing                     Time % Phy DF OF 
 1 Mats Zuccarello          Josh Leivo               50     0   4  1  
 2 Brandon Dubinsky         Nick Foligno             50     0   5  0  

Penalty Kill 4 Players Defense
   Defense                  Defense                  Time % Phy DF OF 
 1 Adam Larsson             Brady Skjei              50     1   4  0  
 2 Neal Pionk               David Schlemko           50     1   4  0  

Penalty Kill - 3 Players Forward 
   Forward                                           Time % Phy DF OF 
 1 Mats Zuccarello                                   50     0   4  1  
 2 Brandon Dubinsky                                  50     1   4  0  

Penalty Kill - 3 Players Defense
   Defense                  Defense                  Time % Phy DF OF 
 1 Adam Larsson             Brady Skjei              50     1   4  0  
 2 Alexander Petrovic       David Schlemko           50     1   4  0  

4 vs 4 Forward 
   Center                   Wing                     Time % Phy DF OF 
 1 Mats Zuccarello          Nick Foligno             50     0   2  3  
 2 Boo Nieves               Jujhar Khaira            50     0   2  3  

4 vs 4 Defense
   Defense                  Defense                  Time % Phy DF OF 
 1 Adam Larsson             Alexander Petrovic       50     0   4  1  
 2 Neal Pionk               David Schlemko           50     0   5  0  

Last Minutes Offensive
   Center                   Left Wing                Right Wing               Defense                  Defense                  
   Nick Foligno             Jujhar Khaira            Mats Zuccarello          Adam Larsson             Brady Skjei              

Last Minutes Defensive
   Center                   Left Wing                Right Wing               Defense                  Defense                  
   Brandon Dubinsky         Nick Foligno             Mats Zuccarello          Adam Larsson             Brady Skjei              

Goaltenders
Starting : Ryan Miller              
Backup : Peter Budaj              

Extra Forwards
Normal : Jujhar Khaira, Nick Foligno, Markus Hannikainen - PP : Jujhar Khaira, Nick Foligno - PK : Brandon Dubinsky
Extra Defensemen
Normal : Alexander Petrovic, Cody Franson, Neal Pionk - PP : Alexander Petrovic - PK : Cody Franson, Neal Pionk
Penalty Shots
Mats Zuccarello, Martin Necas, Nick Foligno, Oliver Bjorkstrand, Brandon Dubinsky
Custom OT Lines Forwards
Mats Zuccarello, Nick Foligno, Oliver Bjorkstrand, Brandon Dubinsky, Jujhar Khaira, Alexandre Burrows, Martin Necas, Markus Hannikainen, Steven Fogarty, Matt Martin
Custom OT Lines Defensemen
Adam Larsson, Brady Skjei, Neal Pionk, Alexander Petrovic, David Schlemko

Scratches
Brendan Smith (Back Spasms Injury), J.T. Miller (Healthy), Kris Russell (Lacerated Left Calf Injury)

Dallas Stars

5 vs 5 Forward 
   Center                   Left Wing                Right Wing               Time % Phy DF OF 
 1 Mark Scheifele           Kyle Connor              Nino Niederreiter        32     1   1  3  
 2 Carl Soderberg           Viktor Arvidsson         James Neal               27     1   2  2  
 3 Pierre-Edouard Bellemare Matthew Tkachuk          Tom Wilson               25     1   3  1  
 4 Riley Sheahan            Devin Shore              Loui Eriksson            16     2   3  0  

5 vs 5 Defense 
   Defense                  Defense                                           Time % Phy DF OF 
 1 Colton Parayko           Ryan Ellis                                        32     1   2  2  
 2 John Klingberg           Oscar Klefbom                                     30     1   2  2  
 3 Stephen Johns            Trevor Daley                                      28     2   3  0  
 4 Colton Parayko           Oscar Klefbom                                     10     1   4  0  

PowerPlay Forward 
   Center                   Left Wing                Right Wing               Time % Phy DF OF 
 1 Mark Scheifele           Kyle Connor              Viktor Arvidsson         52     0   0  5  
 2 Carl Soderberg           Matthew Tkachuk          James Neal               48     0   0  5  

PowerPlay Defense
   Defense                  Defense                                           Time % Phy DF OF 
 1 John Klingberg           Ryan Ellis                                        50     0   0  5  
 2 Stephen Johns            Trevor Daley                                      50     0   0  5  

Penalty Kill 4 Players Forward 
   Center                   Wing                     Time % Phy DF OF 
 1 Pierre-Edouard Bellemare Tom Wilson               52     0   5  0  
 2 Riley Sheahan            Loui Eriksson            48     0   5  0  

Penalty Kill 4 Players Defense
   Defense                  Defense                  Time % Phy DF OF 
 1 Colton Parayko           Ryan Ellis               52     0   5  0  
 2 Trevor Daley             Oscar Klefbom            48     0   5  0  

Penalty Kill - 3 Players Forward 
   Forward                                           Time % Phy DF OF 
 1 Pierre-Edouard Bellemare                          52     0   5  0  
 2 Riley Sheahan                                     48     0   5  0  

Penalty Kill - 3 Players Defense
   Defense                  Defense                  Time % Phy DF OF 
 1 Colton Parayko           Ryan Ellis               52     0   5  0  
 2 Trevor Daley             Oscar Klefbom            48     0   5  0  

4 vs 4 Forward 
   Center                   Wing                     Time % Phy DF OF 
 1 Mark Scheifele           Loui Eriksson            52     0   2  3  
 2 Carl Soderberg           Nino Niederreiter        48     0   2  3  

4 vs 4 Defense
   Defense                  Defense                  Time % Phy DF OF 
 1 Colton Parayko           Oscar Klefbom            65     0   2  3  
 2 John Klingberg           Trevor Daley             35     0   2  3  

Last Minutes Offensive
   Center                   Left Wing                Right Wing               Defense                  Defense                  
   Mark Scheifele           Viktor Arvidsson         James Neal               John Klingberg           Ryan Ellis               

Last Minutes Defensive
   Center                   Left Wing                Right Wing               Defense                  Defense                  
   Pierre-Edouard Bellemare Riley Sheahan            Tom Wilson               Trevor Daley             Colton Parayko           

Goaltenders
Starting : Jake Allen               
Backup : Carter Hutton            

Extra Forwards
Normal : James Neal, Mark Scheifele, Viktor Arvidsson - PP : James Neal, Mark Scheifele - PK : Pierre-Edouard Bellemare
Extra Defensemen
Normal : Ryan Ellis, John Klingberg, Colton Parayko - PP : John Klingberg - PK : Ryan Ellis, Oscar Klefbom
Penalty Shots
Mark Scheifele, Matthew Tkachuk, Nino Niederreiter, Viktor Arvidsson, James Neal
Custom OT Lines Forwards
Viktor Arvidsson, Mark Scheifele, James Neal, Carl Soderberg, Kyle Connor, Matthew Tkachuk, Loui Eriksson, Tom Wilson, Riley Sheahan, Nino Niederreiter
Custom OT Lines Defensemen
Ryan Ellis, John Klingberg, Colton Parayko, Trevor Daley, Oscar Klefbom

Scratches
Derek Grant (Healthy)

% Time on Ice - New York Rangers

Lines # - Real PCT - Wanted PCT - Time Play
Normal Forward
1 - 30% - 30% - 13:18
2 - 24% - 25% - 10:31
3 - 27% - 25% - 11:56
4 - 19% - 20% - 8:23
Normal Defense
1 - 36% - 36% - 15:42
2 - 34% - 34% - 14:59
3 - 30% - 30% - 13:27
4 - 0% - 0% - 0:00
PP Forward
1 - 62% - 60% - 2:28
2 - 38% - 40% - 1:30
PP Defense
1 - 63% - 60% - 2:29
2 - 37% - 40% - 1:29
PK Forward
1 - 48% - 50% - 5:43
2 - 52% - 50% - 6:11
PK Defense
1 - 51% - 50% - 6:01
2 - 49% - 50% - 5:53
PK3 Forward
1 - 55% - 50% - 1:05
2 - 45% - 50% - 0:54
PK3 Defense
1 - 62% - 50% - 1:14
2 - 38% - 50% - 0:45
44 Forward
1 - 0% - 50%
2 - 0% - 50%
44 Defense
1 - 0% - 50%
2 - 0% - 50%
Last Minute Offensive  - 0:00
Last Minute Defensive  - 0:00
Total
Forward - 61:59
Defense - 61:59

% Time on Ice - Dallas Stars

Lines # - Real PCT - Wanted PCT - Time Play
Normal Forward
1 - 31% - 32% - 13:50
2 - 27% - 27% - 12:03
3 - 24% - 25% - 10:23
4 - 18% - 16% - 7:52
Normal Defense
1 - 28% - 32% - 12:16
2 - 35% - 30% - 15:31
3 - 31% - 28% - 13:52
4 - 6% - 10% - 2:29
PP Forward
1 - 53% - 52% - 6:15
2 - 47% - 48% - 5:39
PP Defense
1 - 51% - 50% - 6:07
2 - 49% - 50% - 5:47
PK Forward
1 - 59% - 52% - 2:21
2 - 41% - 48% - 1:37
PK Defense
1 - 61% - 52% - 2:25
2 - 39% - 48% - 1:33
PK3 Forward
1 - 0% - 52%
2 - 0% - 48%
PK3 Defense
1 - 0% - 52%
2 - 0% - 48%
44 Forward
1 - 71% - 52% - 1:24
2 - 29% - 48% - 0:35
44 Defense
1 - 71% - 65% - 1:24
2 - 29% - 35% - 0:35
Last Minute Offensive  - 0:00
Last Minute Defensive  - 0:00
Total
Forward - 61:59
Defense - 61:59

Play-by-Play

1st period


0:01 of 1st period - Jujhar Khaira wins face-off versus Mark Scheifele in neutral zone.
0:24 of 1st period - Boo Nieves is hit by Colton Parayko and loses puck.
0:53 of 1st period - Slapshot by Ryan Ellis.
0:53 of 1st period - Stopped by Ryan Miller with a rebound.
1:12 of 1st period - Snap shot by Alexandre Burrows.
1:12 of 1st period - Shot Misses the Net.
1:32 of 1st period - Slapshot by Nino Niederreiter.
1:32 of 1st period - Shot Misses the Net.
1:34 of 1st period - Slapshot by Oscar Klefbom.
1:34 of 1st period - Shot Blocked by David Schlemko.
1:36 of 1st period - Minor Penalty to Jujhar Khaira for Holding.
1:37 of 1st period - Mark Scheifele wins face-off versus Mats Zuccarello in New York Rangers zone.
1:52 of 1st period - Brady Skjei is hit by Mark Scheifele and loses puck.
3:34 of 1st period - Boo Nieves is hit by Stephen Johns and loses puck.
3:36 of 1st period - Penalty to Jujhar Khaira is over, Jujhar Khaira is back on ice.
3:43 of 1st period - Brady Skjei is hit by Nino Niederreiter and loses puck.
5:16 of 1st period - Neal Pionk is hit by Tom Wilson and loses puck.
5:36 of 1st period - Icing by Neal Pionk.
5:37 of 1st period - Riley Sheahan wins face-off versus Boo Nieves in New York Rangers zone.
6:22 of 1st period - Snap shot by James Neal.
6:22 of 1st period - Shot Blocked by Jujhar Khaira.
6:40 of 1st period - Tom Wilson is hit by Markus Hannikainen and loses puck.
6:59 of 1st period - Nick Foligno is hit by Devin Shore and loses puck.
7:06 of 1st period - Snap shot by Nick Foligno.
7:06 of 1st period - Stopped by Jake Allen with a rebound.
7:57 of 1st period - Backhand shot by Matthew Tkachuk.
7:57 of 1st period - Shot Misses the Net.
8:15 of 1st period - Snap shot by Nick Foligno.
8:15 of 1st period - Shot Blocked by Mark Scheifele.
8:17 of 1st period - Slapshot by Alexander Petrovic.
8:17 of 1st period - Shot Blocked by John Klingberg.
8:32 of 1st period - Slapshot by Viktor Arvidsson.
8:32 of 1st period - Deflect By Carl Soderberg.
8:32 of 1st period - Shot Blocked by Neal Pionk.
8:32 of 1st period - Puck is out of play.
8:33 of 1st period - Jujhar Khaira wins face-off versus Carl Soderberg in New York Rangers zone.
8:38 of 1st period - Snap shot by Carl Soderberg.
8:38 of 1st period - Shot Misses the Net.
8:40 of 1st period - Snap shot by James Neal.
8:40 of 1st period - Shot Blocked by Cody Franson.
8:42 of 1st period - Slapshot by Stephen Johns.
8:42 of 1st period - Deflect By Jujhar Khaira.
8:42 of 1st period - Stopped by Ryan Miller without a rebound.
8:43 of 1st period - Mark Scheifele wins face-off versus Jujhar Khaira in New York Rangers zone.
8:44 of 1st period - Wrist shot by Nino Niederreiter.
8:44 of 1st period - Stopped by Ryan Miller with a rebound.
9:04 of 1st period - Slapshot by David Schlemko.
9:04 of 1st period - Shot Blocked by Trevor Daley.
9:10 of 1st period - Wrist shot by Carl Soderberg.
9:10 of 1st period - Deflect By James Neal.
9:10 of 1st period - Shot Misses the Net.
9:10 of 1st period - Puck is out of play.
9:11 of 1st period - Boo Nieves wins face-off versus Carl Soderberg in New York Rangers zone.
9:36 of 1st period - Adam Larsson is hit by Mark Scheifele and loses puck.
10:02 of 1st period - Adam Larsson is hit by Stephen Johns and loses puck.
10:48 of 1st period - Kyle Connor is hit by David Schlemko and loses puck.
11:06 of 1st period - Snap shot by Mark Scheifele.
11:06 of 1st period - Stopped by Ryan Miller with a rebound.
11:08 of 1st period - Slapshot by Ryan Ellis.
11:08 of 1st period - Shot Blocked by David Schlemko.
11:10 of 1st period - Snap shot by Ryan Ellis.
11:10 of 1st period - Shot Misses the Net.
11:38 of 1st period - Wrist shot by Mark Scheifele.
11:38 of 1st period - Goal by Mark Scheifele - New York Rangers : 0 - Dallas Stars : 1.
11:39 of 1st period - Pierre-Edouard Bellemare wins face-off versus Jujhar Khaira in neutral zone.
11:50 of 1st period - Snap shot by Matthew Tkachuk.
11:50 of 1st period - Shot Misses the Net.
11:54 of 1st period - Snap shot by Matthew Tkachuk.
11:54 of 1st period - Shot Misses the Net.
12:42 of 1st period - Oliver Bjorkstrand is hit by Tom Wilson and loses puck.
12:55 of 1st period - Minor Penalty to Jujhar Khaira for Slashing.
12:56 of 1st period - Carl Soderberg wins face-off versus Mats Zuccarello in New York Rangers zone.
13:21 of 1st period - John Klingberg is hit by Adam Larsson and loses puck.
13:49 of 1st period - Nick Foligno is hit by Viktor Arvidsson and loses puck.
14:18 of 1st period - Brandon Dubinsky is hit by Devin Shore and loses puck.
14:55 of 1st period - Penalty to Jujhar Khaira is over, Jujhar Khaira is back on ice.
15:03 of 1st period - Snap shot by Matthew Tkachuk.
15:03 of 1st period - Shot Misses the Net.
15:11 of 1st period - Snap shot by Jujhar Khaira.
15:11 of 1st period - Stopped by Jake Allen without a rebound.
15:12 of 1st period - Riley Sheahan wins face-off versus Steven Fogarty in Dallas Stars zone.
15:43 of 1st period - Wrist shot by Carl Soderberg.
15:43 of 1st period - Shot Blocked by Jujhar Khaira.
16:03 of 1st period - Neal Pionk is hit by Stephen Johns and loses puck.
16:45 of 1st period - Slapshot by Jujhar Khaira.
16:45 of 1st period - Stopped by Jake Allen without a rebound.
16:46 of 1st period - Jujhar Khaira wins face-off versus Mark Scheifele in Dallas Stars zone.
16:58 of 1st period - Wrist shot by Mark Scheifele.
16:58 of 1st period - Shot Misses the Net.
17:08 of 1st period - Mats Zuccarello is hit by Viktor Arvidsson and loses puck.
17:31 of 1st period - Steven Fogarty is hit by Loui Eriksson and loses puck.
17:55 of 1st period - Josh Leivo is hit by Matthew Tkachuk and loses puck.
18:14 of 1st period - Wrist shot by Mats Zuccarello.
18:14 of 1st period - Deflect By Brandon Dubinsky.
18:14 of 1st period - Shot Misses the Net.
18:14 of 1st period - Puck is out of play.
18:15 of 1st period - Brandon Dubinsky wins face-off versus Carl Soderberg in Dallas Stars zone.
18:30 of 1st period - Snap shot by Alexandre Burrows.
18:30 of 1st period - Shot Blocked by Oscar Klefbom.
18:47 of 1st period - Snap shot by Mark Scheifele.
18:47 of 1st period - Deflect By Kyle Connor.
18:47 of 1st period - Stopped by Ryan Miller with a rebound.
18:58 of 1st period - Icing by Josh Leivo.
18:59 of 1st period - Riley Sheahan wins face-off versus Boo Nieves in New York Rangers zone.
19:45 of 1st period - Minor Penalty to Nino Niederreiter for Hooking.
19:46 of 1st period - Jujhar Khaira wins face-off versus Pierre-Edouard Bellemare in Dallas Stars zone.
Goals for this period are 0 for New York Rangers vs 1 for Dallas Stars.
Shots for this period are 3 for New York Rangers vs 6 for Dallas Stars.

2nd period


0:01 of 2nd period - Pierre-Edouard Bellemare wins face-off versus Jujhar Khaira in neutral zone.
0:06 of 2nd period - Backhand shot by Ryan Ellis.
0:06 of 2nd period - Goal by Ryan Ellis - New York Rangers : 0 - Dallas Stars : 2.
0:07 of 2nd period - Jujhar Khaira wins face-off versus Pierre-Edouard Bellemare in neutral zone.
0:11 of 2nd period - Wrist shot by Adam Larsson.
0:11 of 2nd period - Shot Blocked by Ryan Ellis.
0:13 of 2nd period - Slapshot by Adam Larsson.
0:13 of 2nd period - Stopped by Jake Allen without a rebound.
0:14 of 2nd period - Pierre-Edouard Bellemare wins face-off versus Jujhar Khaira in Dallas Stars zone.
1:45 of 2nd period - Penalty to Nino Niederreiter is over, Nino Niederreiter is back on ice.
1:54 of 2nd period - Wrist shot by Carl Soderberg.
1:54 of 2nd period - Deflect By James Neal.
1:54 of 2nd period - Stopped by Ryan Miller without a rebound.
1:55 of 2nd period - Steven Fogarty wins face-off versus Carl Soderberg in New York Rangers zone.
2:13 of 2nd period - Matt Martin is hit by James Neal.
2:17 of 2nd period - Wrist shot by Matt Martin.
2:17 of 2nd period - Stopped by Jake Allen without a rebound.
2:18 of 2nd period - Boo Nieves wins face-off versus Pierre-Edouard Bellemare in Dallas Stars zone.
2:25 of 2nd period - Wrist shot by Nick Foligno.
2:25 of 2nd period - Stopped by Jake Allen with a rebound.
2:43 of 2nd period - Nick Foligno is hit by Trevor Daley and loses puck.
2:58 of 2nd period - Snap shot by Nick Foligno.
2:58 of 2nd period - Stopped by Jake Allen with a rebound.
3:14 of 2nd period - Wrist shot by James Neal.
3:14 of 2nd period - Shot Misses the Net.
3:16 of 2nd period - Wrist shot by Viktor Arvidsson.
3:16 of 2nd period - Stopped by Ryan Miller without a rebound.
3:17 of 2nd period - Jujhar Khaira wins face-off versus Carl Soderberg in New York Rangers zone.
3:26 of 2nd period - Snap shot by Jujhar Khaira.
3:26 of 2nd period - Stopped by Jake Allen with a rebound.
3:50 of 2nd period - Wrist shot by Viktor Arvidsson.
3:50 of 2nd period - Stopped by Ryan Miller without a rebound.
3:51 of 2nd period - Mark Scheifele wins face-off versus Brandon Dubinsky in New York Rangers zone.
3:54 of 2nd period - Wrist shot by Mark Scheifele.
3:54 of 2nd period - Stopped by Ryan Miller with a rebound.
4:26 of 2nd period - Wrist shot by Mark Scheifele.
4:26 of 2nd period - Stopped by Ryan Miller with a rebound.
4:28 of 2nd period - Slapshot by Kyle Connor.
4:28 of 2nd period - Shot Blocked by David Schlemko.
4:57 of 2nd period - Snap shot by Nino Niederreiter.
4:57 of 2nd period - Stopped by Ryan Miller without a rebound.
4:58 of 2nd period - Pierre-Edouard Bellemare wins face-off versus Jujhar Khaira in New York Rangers zone.
5:13 of 2nd period - Snap shot by Jujhar Khaira.
5:13 of 2nd period - Shot Misses the Net.
5:25 of 2nd period - Nick Foligno is hit by James Neal and loses puck.
7:03 of 2nd period - Slapshot by James Neal.
7:03 of 2nd period - Deflect By Viktor Arvidsson.
7:03 of 2nd period - Shot Hit the Post.
7:03 of 2nd period - Puck is out of play.
7:04 of 2nd period - Carl Soderberg wins face-off versus Brandon Dubinsky in New York Rangers zone.
7:09 of 2nd period - Slapshot by Carl Soderberg.
7:09 of 2nd period - Shot Misses the Net.
7:49 of 2nd period - Oliver Bjorkstrand is hit by Matthew Tkachuk and loses puck.
9:52 of 2nd period - Slapshot by Matt Martin.
9:52 of 2nd period - Shot Misses the Net.
9:54 of 2nd period - Snap shot by Cody Franson.
9:54 of 2nd period - Stopped by Jake Allen without a rebound.
9:55 of 2nd period - Jujhar Khaira wins face-off versus Pierre-Edouard Bellemare in Dallas Stars zone.
10:08 of 2nd period - Snap shot by Matthew Tkachuk.
10:08 of 2nd period - Shot Misses the Net.
10:10 of 2nd period - Snap shot by Matthew Tkachuk.
10:10 of 2nd period - Stopped by Ryan Miller without a rebound.
10:11 of 2nd period - Mark Scheifele wins face-off versus Boo Nieves in New York Rangers zone.
10:12 of 2nd period - Slapshot by Kyle Connor.
10:12 of 2nd period - Shot Misses the Net.
10:14 of 2nd period - Wrist shot by Kyle Connor.
10:14 of 2nd period - Shot Blocked by Brady Skjei.
10:16 of 2nd period - Wrist shot by Nino Niederreiter.
10:16 of 2nd period - Stopped by Ryan Miller without a rebound.
10:17 of 2nd period - Mark Scheifele wins face-off versus Boo Nieves in New York Rangers zone.
10:22 of 2nd period - Snap shot by Mark Scheifele.
10:22 of 2nd period - Shot Misses the Net.
10:24 of 2nd period - Wrist shot by Nino Niederreiter.
10:24 of 2nd period - Stopped by Ryan Miller without a rebound.
10:25 of 2nd period - Pierre-Edouard Bellemare wins face-off versus Jujhar Khaira in New York Rangers zone.
10:35 of 2nd period - Wrist shot by Matthew Tkachuk.
10:35 of 2nd period - Stopped by Ryan Miller without a rebound.
10:36 of 2nd period - Jujhar Khaira wins face-off versus Mark Scheifele in New York Rangers zone.
10:38 of 2nd period - Minor Penalty to Jujhar Khaira for Tripping.
10:39 of 2nd period - Mark Scheifele wins face-off versus Mats Zuccarello in New York Rangers zone.
10:45 of 2nd period - Josh Leivo is hit by Mark Scheifele and loses puck.
11:14 of 2nd period - Snap shot by Carl Soderberg.
11:14 of 2nd period - Stopped by Ryan Miller with a rebound.
12:33 of 2nd period - Devin Shore is hit by Alexandre Burrows and loses puck.
12:38 of 2nd period - Penalty to Jujhar Khaira is over, Jujhar Khaira is back on ice.
12:52 of 2nd period - Wrist shot by Alexandre Burrows.
12:52 of 2nd period - Shot Misses the Net.
13:00 of 2nd period - Snap shot by Mark Scheifele.
13:00 of 2nd period - Shot Blocked by Brady Skjei.
13:02 of 2nd period - Slapshot by Trevor Daley.
13:02 of 2nd period - Deflect By Mark Scheifele.
13:02 of 2nd period - Stopped by Ryan Miller with a rebound.
13:04 of 2nd period - Snap shot by Mark Scheifele.
13:04 of 2nd period - Deflect By Devin Shore.
13:04 of 2nd period - Shot Misses the Net.
13:04 of 2nd period - Puck is out of play.
13:05 of 2nd period - Pierre-Edouard Bellemare wins face-off versus Steven Fogarty in New York Rangers zone.
13:06 of 2nd period - Wrist shot by Tom Wilson.
13:06 of 2nd period - Deflect By Matthew Tkachuk.
13:06 of 2nd period - Stopped by Ryan Miller without a rebound.
13:07 of 2nd period - Pierre-Edouard Bellemare wins face-off versus Steven Fogarty in New York Rangers zone.
13:08 of 2nd period - Slapshot by Matthew Tkachuk.
13:08 of 2nd period - Dallas Stars goal is going for a video replay.
13:08 of 2nd period - The goal is refused. The net was displaced accidentally..
13:09 of 2nd period - Pierre-Edouard Bellemare wins face-off versus Steven Fogarty in New York Rangers zone.
13:43 of 2nd period - Wrist shot by Jujhar Khaira.
13:43 of 2nd period - Shot Misses the Net.
14:26 of 2nd period - Wrist shot by Matthew Tkachuk.
14:26 of 2nd period - Deflect By Tom Wilson.
14:26 of 2nd period - Stopped by Ryan Miller with a rebound.
14:38 of 2nd period - Nick Foligno is hit by Nino Niederreiter and loses puck.
14:45 of 2nd period - Snap shot by Kyle Connor.
14:45 of 2nd period - Shot Blocked by Boo Nieves.
15:01 of 2nd period - Wrist shot by Carl Soderberg.
15:01 of 2nd period - Shot Misses the Net.
15:03 of 2nd period - Wrist shot by Viktor Arvidsson.
15:03 of 2nd period - Shot Misses the Net.
15:05 of 2nd period - Snap shot by James Neal.
15:05 of 2nd period - Shot Misses the Net.
15:17 of 2nd period - Wrist shot by Jujhar Khaira.
15:17 of 2nd period - Stopped by Jake Allen without a rebound.
15:18 of 2nd period - Brandon Dubinsky wins face-off versus Riley Sheahan in Dallas Stars zone.
15:21 of 2nd period - Wrist shot by Alexandre Burrows.
15:21 of 2nd period - Stopped by Jake Allen with a rebound.
16:17 of 2nd period - Slapshot by Devin Shore.
16:17 of 2nd period - Shot Misses the Net.
16:29 of 2nd period - Snap shot by Devin Shore.
16:29 of 2nd period - Stopped by Ryan Miller without a rebound.
16:30 of 2nd period - Kyle Connor wins face-off versus Martin Necas in New York Rangers zone.
16:43 of 2nd period - Jujhar Khaira is hit by Nino Niederreiter and loses puck.
17:03 of 2nd period - Wrist shot by Mark Scheifele.
17:03 of 2nd period - Stopped by Ryan Miller without a rebound.
17:04 of 2nd period - Pierre-Edouard Bellemare wins face-off versus Markus Hannikainen in New York Rangers zone.
17:35 of 2nd period - Minor Penalty to Nick Foligno for Hooking.
17:36 of 2nd period - Mark Scheifele wins face-off versus Mats Zuccarello in New York Rangers zone.
19:21 of 2nd period - Trevor Daley is hit by Jujhar Khaira and loses puck.
19:35 of 2nd period - Penalty to Nick Foligno is over, Nick Foligno is back on ice.
19:42 of 2nd period - Snap shot by Matt Martin.
19:42 of 2nd period - Shot Misses the Net.
19:46 of 2nd period - Wrist shot by Matt Martin.
19:46 of 2nd period - Shot Blocked by John Klingberg.
19:46 of 2nd period - John Klingberg from Dallas Stars is injured at 19:46 of 2nd period (Bruised Left Shoulder).
19:47 of 2nd period - Jujhar Khaira wins face-off versus Mark Scheifele in Dallas Stars zone.
19:48 of 2nd period - Wrist shot by Oliver Bjorkstrand.
19:48 of 2nd period - Shot Misses the Net.
19:50 of 2nd period - Backhand shot by Jujhar Khaira.
19:50 of 2nd period - Stopped by Jake Allen with a rebound.
Goals for this period are 0 for New York Rangers vs 1 for Dallas Stars.
Shots for this period are 9 for New York Rangers vs 18 for Dallas Stars.

3rd period


0:01 of 3rd period - Mark Scheifele wins face-off versus Jujhar Khaira in neutral zone.
0:01 of 3rd period - Mark Scheifele is hit by Adam Larsson.
0:04 of 3rd period - Off-side.
0:05 of 3rd period - Kyle Connor wins face-off versus Jujhar Khaira in neutral zone.
0:35 of 3rd period - Slapshot by Adam Larsson.
0:35 of 3rd period - Stopped by Jake Allen without a rebound.
0:36 of 3rd period - Boo Nieves wins face-off versus Pierre-Edouard Bellemare in Dallas Stars zone.
0:57 of 3rd period - Icing by Stephen Johns.
0:58 of 3rd period - Carl Soderberg wins face-off versus Jujhar Khaira in Dallas Stars zone.
0:58 of 3rd period - Carl Soderberg is hit by Jujhar Khaira.
1:04 of 3rd period - Snap shot by Viktor Arvidsson.
1:04 of 3rd period - Stopped by Ryan Miller with a rebound.
1:06 of 3rd period - Slapshot by Stephen Johns.
1:06 of 3rd period - Shot Misses the Net.
1:08 of 3rd period - Wrist shot by James Neal.
1:08 of 3rd period - Shot Blocked by Cody Franson.
1:14 of 3rd period - Snap shot by Viktor Arvidsson.
1:14 of 3rd period - Shot Misses the Net.
1:20 of 3rd period - Minor Penalty to Jujhar Khaira for Tripping.
1:21 of 3rd period - Mark Scheifele wins face-off versus Mats Zuccarello in New York Rangers zone.
1:22 of 3rd period - Slapshot by Viktor Arvidsson.
1:22 of 3rd period - Stopped by Ryan Miller with a rebound.
1:24 of 3rd period - Wrist shot by Kyle Connor.
1:24 of 3rd period - Shot Misses the Net.
1:26 of 3rd period - Snap shot by Kyle Connor.
1:26 of 3rd period - Deflect By Mark Scheifele.
1:26 of 3rd period - Stopped by Ryan Miller without a rebound.
1:27 of 3rd period - Mats Zuccarello wins face-off versus Mark Scheifele in New York Rangers zone.
1:35 of 3rd period - Off-side.
1:36 of 3rd period - Mark Scheifele wins face-off versus Brandon Dubinsky in neutral zone.
2:23 of 3rd period - Wrist shot by James Neal.
2:23 of 3rd period - Stopped by Ryan Miller without a rebound.
2:24 of 3rd period - Brandon Dubinsky wins face-off versus Mark Scheifele in New York Rangers zone.
2:37 of 3rd period - Slapshot by Viktor Arvidsson.
2:37 of 3rd period - Stopped by Ryan Miller with a rebound.
2:39 of 3rd period - Slapshot by Kyle Connor.
2:39 of 3rd period - Stopped by Ryan Miller with a rebound.
3:01 of 3rd period - Kyle Connor is hit by Josh Leivo and loses puck.
3:20 of 3rd period - Penalty to Jujhar Khaira is over, Jujhar Khaira is back on ice.
3:31 of 3rd period - Snap shot by Josh Leivo.
3:31 of 3rd period - Stopped by Jake Allen without a rebound.
3:32 of 3rd period - Steven Fogarty wins face-off versus Riley Sheahan in Dallas Stars zone.
4:20 of 3rd period - Snap shot by James Neal.
4:20 of 3rd period - Stopped by Ryan Miller without a rebound.
4:21 of 3rd period - Jujhar Khaira wins face-off versus Carl Soderberg in New York Rangers zone.
4:26 of 3rd period - Slapshot by Adam Larsson.
4:26 of 3rd period - Stopped by Jake Allen with a rebound.
4:32 of 3rd period - Slapshot by Oliver Bjorkstrand.
4:32 of 3rd period - Stopped by Jake Allen without a rebound.
4:33 of 3rd period - Mark Scheifele wins face-off versus Jujhar Khaira in Dallas Stars zone.
4:42 of 3rd period - Wrist shot by Kyle Connor.
4:42 of 3rd period - Stopped by Ryan Miller with a rebound.
4:58 of 3rd period - Matthew Tkachuk is hit by Boo Nieves and loses puck.
5:03 of 3rd period - Snap shot by Josh Leivo.
5:03 of 3rd period - Stopped by Jake Allen with a rebound.
5:05 of 3rd period - Snap shot by Josh Leivo.
5:05 of 3rd period - Shot Misses the Net.
5:07 of 3rd period - Slapshot by Neal Pionk.
5:07 of 3rd period - Shot Misses the Net.
5:22 of 3rd period - Off-side.
5:23 of 3rd period - Viktor Arvidsson wins face-off versus Steven Fogarty in neutral zone.
5:34 of 3rd period - Slapshot by Carl Soderberg.
5:34 of 3rd period - Deflect By Viktor Arvidsson.
5:34 of 3rd period - Shot Misses the Net.
5:34 of 3rd period - Puck is out of play.
5:35 of 3rd period - Jujhar Khaira wins face-off versus Mark Scheifele in New York Rangers zone.
5:44 of 3rd period - Backhand shot by Oliver Bjorkstrand.
5:44 of 3rd period - Shot Misses the Net.
5:46 of 3rd period - Backhand shot by Jujhar Khaira.
5:46 of 3rd period - Shot Blocked by Trevor Daley.
5:48 of 3rd period - Snap shot by Jujhar Khaira.
5:48 of 3rd period - Shot Misses the Net.
6:00 of 3rd period - Matthew Tkachuk is hit by Adam Larsson and loses puck.
6:23 of 3rd period - Wrist shot by Brandon Dubinsky.
6:23 of 3rd period - Stopped by Jake Allen without a rebound.
6:24 of 3rd period - Jujhar Khaira wins face-off versus Mark Scheifele in Dallas Stars zone.
6:32 of 3rd period - Minor Penalty to Nino Niederreiter for Roughing.
6:33 of 3rd period - Pierre-Edouard Bellemare wins face-off versus Jujhar Khaira in Dallas Stars zone.
6:47 of 3rd period - Wrist shot by Nick Foligno.
6:47 of 3rd period - Shot Blocked by Ryan Ellis.
8:32 of 3rd period - Penalty to Nino Niederreiter is over, Nino Niederreiter is back on ice.
8:37 of 3rd period - Slapshot by Alexander Petrovic.
8:37 of 3rd period - Stopped by Jake Allen with a rebound.
8:39 of 3rd period - Snap shot by Steven Fogarty.
8:39 of 3rd period - Shot Misses the Net.
8:41 of 3rd period - Snap shot by Matt Martin.
8:41 of 3rd period - Goal by Matt Martin - New York Rangers : 1 - Dallas Stars : 2.
8:42 of 3rd period - Steven Fogarty wins face-off versus Kyle Connor in neutral zone.
8:53 of 3rd period - Wrist shot by Nino Niederreiter.
8:53 of 3rd period - Stopped by Ryan Miller with a rebound.
8:55 of 3rd period - Wrist shot by Ryan Ellis.
8:55 of 3rd period - Stopped by Ryan Miller with a rebound.
8:58 of 3rd period - Icing by Brady Skjei.
8:59 of 3rd period - Steven Fogarty wins face-off versus Carl Soderberg in New York Rangers zone.
9:06 of 3rd period - Wrist shot by Markus Hannikainen.
9:06 of 3rd period - Stopped by Jake Allen with a rebound.
9:08 of 3rd period - Slapshot by Brady Skjei.
9:08 of 3rd period - Deflect By Carl Soderberg.
9:08 of 3rd period - Stopped by Jake Allen without a rebound.
9:09 of 3rd period - Viktor Arvidsson wins face-off versus Oliver Bjorkstrand in Dallas Stars zone.
9:14 of 3rd period - Wrist shot by Viktor Arvidsson.
9:14 of 3rd period - Shot Misses the Net.
9:16 of 3rd period - Snap shot by James Neal.
9:16 of 3rd period - Stopped by Ryan Miller with a rebound.
9:32 of 3rd period - Slapshot by Viktor Arvidsson.
9:32 of 3rd period - Shot Misses the Net.
9:52 of 3rd period - Jujhar Khaira is hit by James Neal and loses puck.
10:11 of 3rd period - Colton Parayko is hit by Cody Franson and loses puck.
10:19 of 3rd period - Icing by Carl Soderberg.
10:20 of 3rd period - Carl Soderberg wins face-off versus Boo Nieves in Dallas Stars zone.
10:31 of 3rd period - Snap shot by Viktor Arvidsson.
10:31 of 3rd period - Stopped by Ryan Miller without a rebound.
10:32 of 3rd period - Tom Wilson wins face-off versus Brandon Dubinsky in New York Rangers zone.
10:33 of 3rd period - Wrist shot by Matthew Tkachuk.
10:33 of 3rd period - Stopped by Ryan Miller without a rebound.
10:34 of 3rd period - Brandon Dubinsky wins face-off versus Pierre-Edouard Bellemare in New York Rangers zone.
10:45 of 3rd period - Mats Zuccarello is hit by Stephen Johns.
11:03 of 3rd period - Wrist shot by Boo Nieves.
11:03 of 3rd period - Shot Blocked by Mark Scheifele.
12:09 of 3rd period - Wrist shot by Nick Foligno.
12:09 of 3rd period - Stopped by Jake Allen without a rebound.
12:10 of 3rd period - Boo Nieves wins face-off versus Carl Soderberg in Dallas Stars zone.
12:21 of 3rd period - Snap shot by Boo Nieves.
12:21 of 3rd period - Goal by Boo Nieves - New York Rangers : 2 - Dallas Stars : 2.
12:22 of 3rd period - Mark Scheifele wins face-off versus Jujhar Khaira in neutral zone.
12:32 of 3rd period - Slapshot by Oliver Bjorkstrand.
12:32 of 3rd period - Shot Misses the Net.
12:48 of 3rd period - Pierre-Edouard Bellemare is hit by Nick Foligno.
12:57 of 3rd period - Nick Foligno is hit by Pierre-Edouard Bellemare and loses puck.
13:55 of 3rd period - Wrist shot by Jujhar Khaira.
13:55 of 3rd period - Deflect By Oliver Bjorkstrand.
13:55 of 3rd period - Shot Misses the Net.
13:55 of 3rd period - Puck is out of play.
13:56 of 3rd period - Jujhar Khaira wins face-off versus Mark Scheifele in Dallas Stars zone.
14:01 of 3rd period - Snap shot by Jujhar Khaira.
14:01 of 3rd period - Stopped by Jake Allen without a rebound.
14:02 of 3rd period - Mark Scheifele wins face-off versus Jujhar Khaira in Dallas Stars zone.
15:19 of 3rd period - Snap shot by Markus Hannikainen.
15:19 of 3rd period - Stopped by Jake Allen with a rebound.
15:40 of 3rd period - Brady Skjei is hit by Carl Soderberg and loses puck.
16:05 of 3rd period - Snap shot by Brandon Dubinsky.
16:05 of 3rd period - Stopped by Jake Allen without a rebound.
16:06 of 3rd period - Riley Sheahan wins face-off versus Steven Fogarty in Dallas Stars zone.
16:06 of 3rd period - Devin Shore is hit by Markus Hannikainen and loses puck.
16:28 of 3rd period - Icing by Loui Eriksson.
16:29 of 3rd period - Brandon Dubinsky wins face-off versus Pierre-Edouard Bellemare in Dallas Stars zone.
16:29 of 3rd period - Brandon Dubinsky is hit by Stephen Johns.
16:35 of 3rd period - Wrist shot by Mats Zuccarello.
16:35 of 3rd period - Stopped by Jake Allen without a rebound.
16:36 of 3rd period - Brandon Dubinsky wins face-off versus Pierre-Edouard Bellemare in Dallas Stars zone.
16:37 of 3rd period - Wrist shot by Mats Zuccarello.
16:37 of 3rd period - Stopped by Jake Allen without a rebound.
16:38 of 3rd period - Brandon Dubinsky wins face-off versus Pierre-Edouard Bellemare in Dallas Stars zone.
16:39 of 3rd period - Snap shot by Mats Zuccarello.
16:39 of 3rd period - Shot Blocked by Matthew Tkachuk.
16:41 of 3rd period - Snap shot by Alexandre Burrows.
16:41 of 3rd period - Stopped by Jake Allen with a rebound.
16:43 of 3rd period - Snap shot by Mats Zuccarello.
16:43 of 3rd period - Shot Blocked by Colton Parayko.
17:06 of 3rd period - Off-side.
17:07 of 3rd period - Riley Sheahan wins face-off versus Steven Fogarty in neutral zone.
17:14 of 3rd period - Slapshot by Loui Eriksson.
17:14 of 3rd period - Stopped by Ryan Miller with a rebound.
17:16 of 3rd period - Minor Penalty to Markus Hannikainen for Cross-checking.
17:17 of 3rd period - Mark Scheifele wins face-off versus Mats Zuccarello in New York Rangers zone.
17:51 of 3rd period - Snap shot by James Neal.
17:51 of 3rd period - Shot Blocked by Nick Foligno.
19:16 of 3rd period - Penalty to Markus Hannikainen is over, Markus Hannikainen is back on ice.
19:23 of 3rd period - Slapshot by Neal Pionk.
19:23 of 3rd period - Stopped by Jake Allen with a rebound.
19:25 of 3rd period - Backhand shot by Nick Foligno.
19:25 of 3rd period - Deflect By Brandon Dubinsky.
19:25 of 3rd period - Shot Misses the Net.
19:25 of 3rd period - Puck is out of play.
19:26 of 3rd period - Steven Fogarty wins face-off versus Mark Scheifele in Dallas Stars zone.
19:31 of 3rd period - Snap shot by Markus Hannikainen.
19:31 of 3rd period - Shot Blocked by Colton Parayko.
19:33 of 3rd period - Snap shot by Cody Franson.
19:33 of 3rd period - Stopped by Jake Allen without a rebound.
19:34 of 3rd period - Mark Scheifele wins face-off versus Steven Fogarty in Dallas Stars zone.
19:34 of 3rd period - Mark Scheifele is hit by David Schlemko.
Goals for this period are 2 for New York Rangers vs 0 for Dallas Stars.
Shots for this period are 20 for New York Rangers vs 14 for Dallas Stars.

Overtime #1


0:01 of 1st overtime period - Mark Scheifele wins face-off versus Nick Foligno in neutral zone.
0:13 of 1st overtime period - Minor Penalty to Nick Foligno for Hooking.
0:14 of 1st overtime period - Mark Scheifele wins face-off versus Mats Zuccarello in New York Rangers zone.
0:20 of 1st overtime period - Snap shot by Mark Scheifele.
0:20 of 1st overtime period - Stopped by Ryan Miller with a rebound.
0:22 of 1st overtime period - Slapshot by Colton Parayko.
0:22 of 1st overtime period - Deflect By Mark Scheifele.
0:22 of 1st overtime period - Stopped by Ryan Miller without a rebound.
0:23 of 1st overtime period - Mats Zuccarello wins face-off versus Mark Scheifele in New York Rangers zone.
1:00 of 1st overtime period - Snap shot by Loui Eriksson.
1:00 of 1st overtime period - Shot Misses the Net.
1:02 of 1st overtime period - Snap shot by Loui Eriksson.
1:02 of 1st overtime period - Stopped by Ryan Miller without a rebound.
1:03 of 1st overtime period - Carl Soderberg wins face-off versus Brandon Dubinsky in New York Rangers zone.
1:04 of 1st overtime period - Snap shot by Nino Niederreiter.
1:04 of 1st overtime period - Stopped by Ryan Miller without a rebound.
1:05 of 1st overtime period - Carl Soderberg wins face-off versus Brandon Dubinsky in New York Rangers zone.
1:30 of 1st overtime period - Mark Scheifele is hit by Mats Zuccarello and loses puck.
2:13 of 1st overtime period - Penalty to Nick Foligno is over, Nick Foligno is back on ice.
2:19 of 1st overtime period - Alexander Petrovic is hit by Viktor Arvidsson and loses puck.
2:44 of 1st overtime period - Slapshot by Trevor Daley.
2:44 of 1st overtime period - Stopped by Ryan Miller without a rebound.
2:45 of 1st overtime period - Nick Foligno wins face-off versus Mark Scheifele in New York Rangers zone.
3:55 of 1st overtime period - Jujhar Khaira is hit by James Neal and loses puck.
4:06 of 1st overtime period - Matthew Tkachuk is hit by Nick Foligno and loses puck.
4:26 of 1st overtime period - Brady Skjei is hit by James Neal.
Goals for this period are 0 for New York Rangers vs 0 for Dallas Stars.
Shots for this period are 0 for New York Rangers vs 5 for Dallas Stars.

ShootOut


5:00 of 1st overtime period - Round #1.
5:00 of 1st overtime period - New York Rangers, Mats Zuccarello.
5:00 of 1st overtime period - Snap shot by Mats Zuccarello.
5:00 of 1st overtime period - Shot Misses the Net.
5:00 of 1st overtime period - Dallas Stars, Mark Scheifele.
5:00 of 1st overtime period - Wrist shot by Mark Scheifele.
5:00 of 1st overtime period - Shot Misses the Net.
5:00 of 1st overtime period - Round #2.
5:00 of 1st overtime period - New York Rangers, Martin Necas.
5:00 of 1st overtime period - Snap shot by Martin Necas.
5:00 of 1st overtime period - Stopped by Jake Allen.
5:00 of 1st overtime period - Dallas Stars, Matthew Tkachuk.
5:00 of 1st overtime period - Snap shot by Matthew Tkachuk.
5:00 of 1st overtime period - Goal by Matthew Tkachuk.
5:00 of 1st overtime period - Round #3.
5:00 of 1st overtime period - New York Rangers, Nick Foligno.
5:00 of 1st overtime period - Deke by Nick Foligno.
5:00 of 1st overtime period - Stopped by Jake Allen.